 Dungeon Crawl Stone Soup version 0.17.1-1-g73c8601 (webtiles) character file.

942 PossumBlood the Slasher (level 8, -6/65 HPs)
             Began as a Formicid Fighter on Dec 18, 2015.
             Killed from afar by an electric eel (9 damage)
             ... with a bolt of electricity
             ... on level 6 of the Dungeon.
             The game lasted 00:14:09 (4982 turns).

PossumBlood the Slasher (Formicid Fighter)          Turns: 4982, Time: 00:14:11

Health: -6/65      AC: 12    Str: 23    XL:     8   Next: 34%
Magic:  0/8        EV:  4    Int:  8    God:
Gold:   184        SH:  9    Dex: 12    Spells: 0 memorised, 7 levels left

rFire  . . .     SeeInvis +     a - +5 long sword
rCold  . . .     Clarity  .     u - +0 plate armour
rNeg   + + .     SustAt   .     c - +0 shield
rPois  .         Gourm    .     (helmet unavailable)
rElec  .         Spirit   +     (no cloak)
rCorr  .         Warding  .     (no gloves)
rMut   .         Stasis   +     f - +0 pair of boots
MR     .....                    s - amulet "Qeagum" {Spirit rN+}
Stlth  ..........               r - ring of positive energy
                                m - +2 ring of dexterity

@: not resistant to hostile enchantments, extremely unstealthy
A: permanent stasis, dig shafts and tunnels, four strong arms, antennae 3
a: Dig, Shaft Self


You were on level 6 of the Dungeon.
You were not hungry.

You visited 1 branch of the dungeon, and saw 6 of its levels.

You collected 184 gold pieces.

Inventory:

Hand Weapons
 a - a +5 long sword (weapon)
Armour
 c - a +0 shield (worn)
 f - a +0 pair of boots (worn)
 u - a +0 plate armour (worn)
Jewellery
 e - an uncursed amulet of guardian spirit
 m - a +2 ring of dexterity (left hand)
 r - a ring of positive energy (right hand)
 s - the amulet "Qeagum" (around neck) {Spirit rN+}
   (You found it on level 5 of the Dungeon)

   [amulet of guardian spirit]

   It causes incoming damage to be split between your health and magic.
   It protects you from negative energy.
Wands
 h - a wand of random effects (10)
 n - a wand of confusion (48)
Scrolls
 b - a scroll of remove curse
Potions
 d - a potion of might
 l - a potion of cure mutation
 o - a potion of flight
 p - 2 potions of lignification
 t - a potion of resistance
Comestibles
 i - a meat ration
 k - a beef jerky


   Skills:
 + Level 6.6 Fighting
 * Level 7.6 Long Blades
 - Level 3.2 Armour
 - Level 3.6 Shields


You had 7 spell levels left.
You didn't know any spells.

Dungeon Overview and Level Annotations

Branches:
Dungeon (6/15)
 Temple: D:4-7

Altars:
Fedhas
Nemelex Xobeh
Okawaru

Shops:
D:4 (


Innate Abilities, Weirdness & Mutations

You are under a permanent stasis effect.
You can dig through walls and to a lower floor.
Your four strong arms can wield two-handed weapons with a shield.
You have a pair of large antennae on your head (SInv).


Message History

The bolt of electricity hits the electric eel.
The electric eel completely resists.
The bolt of electricity hits you!
* * * LOW HITPOINT WARNING * * *
The electric eel shoots out a bolt of lightning at you!
The bolt of electricity hits you!
* * * LOW HITPOINT WARNING * * *
The bolt of electricity hits the plant.
The electric eel shoots out a bolt of lightning at you!
The bolt of electricity hits the plant.
The bolt of electricity hits the electric eel.
The electric eel completely resists.
The bolt of electricity hits you!
* * * LOW HITPOINT WARNING * * *
The electric eel shoots out a bolt of lightning at you!
The bolt of electricity hits the plant.
The bolt of electricity hits the electric eel.
The electric eel completely resists.
The bolt of electricity hits you!
* * * LOW HITPOINT WARNING * * *
The electric eel shoots out a bolt of lightning at you!
The bolt of electricity hits you!
You die...

#...≈P≈≈≈♣
#♣...≈≈≈≈≈♣#
#♣≈....≈≈;≈≈#
♣P≈≈...≈≈≈≈P♣##
♣≈≈...≈≈P≈≈≈≈≈#
♣≈≈....≈P≈≈≈≈♣
♣≈PP..≈;≈≈≈P♣♣
♣P≈≈...≈P≈P≈P♣
♣P≈≈..@.≈≈≈≈≈♣
♣≈≈P≈...≈≈≈≈P♣
##♣P≈P...≈P≈♣≈≈#
..#...♣♣≈≈...≈≈#
##
#......≈♣≈..P♣##
#.....#≈P...#
#....#P≈...#
#....###...#
#....###..###


You could see 2 electric eels.

Vanquished Creatures
  A phantom (D:3)
  An ogre (D:5)
  A gnoll sergeant (D:5)
  A wyvern skeleton (D:6)
  A crimson imp (D:5)
  3 hounds
  An orc priest (D:3)
  6 worker ants
  2 hound skeletons
  15 gnolls
  10 adders
  An ooze (D:1)
  2 adder skeletons (D:5)
  An adder zombie (D:5)
  2 worms
  7 giant geckos
  8 orcs
  6 goblins
  6 hobgoblins
  A ball python skeleton (D:4)
  7 bats
  7 giant cockroaches
  2 giant newts (D:2)
  8 kobolds
  4 quokkas
  A quokka skeleton (D:5)
  8 rats
113 creatures vanquished.

Notes
Turn   | Place    | Note
--------------------------------------------------------------
     0 | D:1      | PossumBlood the Formicid Fighter began the quest for the Orb.
     0 | D:1      | Reached XP level 1. HP: 18/18 MP: 1/1
   245 | D:1      | Reached XP level 2. HP: 24/24 MP: 2/2
   726 | D:2      | Reached XP level 3. HP: 28/30 MP: 3/3
   894 | D:2      | Reached skill level 4 in Fighting
  1090 | D:2      | Reached XP level 4. HP: 16/37 MP: 4/4
  1581 | D:3      | Noticed a phantom
  1615 | D:3      | Killed a phantom
  1615 | D:3      | Reached XP level 5. HP: 4/43 MP: 0/5
  1909 | D:3      | Reached XP level 6. HP: 50/50 MP: 6/6
  1919 | D:3      | Reached skill level 5 in Fighting
  1982 | D:3      | Found an iron altar of Okawaru.
  1983 | D:3      | Found a faded altar to an unknown god.
  1992 | D:3      | Reached skill level 5 in Long Blades
  2216 | D:3      | Found a blossoming altar of Fedhas.
  2492 | D:4      | Found an iron altar of Okawaru.
  2909 | D:4      | Reached XP level 7. HP: 53/56 MP: 5/7
  2930 | D:4      | Found a sparkling altar of Nemelex Xobeh.
  3201 | D:4      | Found Umicar's Antique Weapon Boutique.
  3317 | D:4      | Reached skill level 6 in Long Blades
  3380 | D:5      | Entered Level 5 of the Dungeon
  3646 | D:5      | Got a scorched copper amulet
  3648 | D:5      | Identified the amulet "Qeagum" {Spirit rN+} (You found it on level 5 of the Dungeon)
  4308 | D:5      | Reached skill level 7 in Long Blades
  4308 | D:5      | Reached XP level 8. HP: 20/64 MP: 2/8
  4982 | D:6      | HP: 3/65 [electric eel/bolt of electricity (3)]
  4982 | D:6      | Killed from afar by an electric eel

Action                   |  1- 3 |  4- 6 |  7- 9 || total
-------------------------+-------+-------+-------++-------
Melee: Long sword        |   121 |   133 |   152 ||   406
  Use: Scroll            |       |    11 |     6 ||    17
       Potion            |       |       |     3 ||     3
  Eat: Bread ration      |     1 |     1 |     1 ||     3
       Pizza             |       |       |     1 ||     1
